 Dungeon Crawl Stone Soup version 0.24.1-8-ga250c9d538 (webtiles) character file.

Game seed: 18392389396904800, levelgen mode: deterministic

22 Peloso the Skirmisher (level 2, 0/24 HPs)
             Began as a Demonspawn Fighter on Apr 30, 2020.
             Slain by Sigmund
             ... wielding a cursed +0 scythe
              (5 damage)
             ... on level 2 of the Dungeon.
             The game lasted 00:01:10 (564 turns).

Peloso the Skirmisher (Demonspawn Fighter)           Turns: 564, Time: 00:01:11

Health: 0/24       AC:  6    Str: 21    XL:     2   Next: 68%
Magic:  2/2        EV:  7    Int:  9    God:
Gold:   53         SH:  9    Dex: 12    Spells: 1/1 levels left

rFire    . . .     SeeInvis .   a - +0 long sword
rCold    . . .     Gourm    .   c - +0 shield
rNeg     . . .     Faith    .   b - +0 scale mail
rPois    .         Spirit   .   (no helmet)
rElec    .         Reflect  .   (no cloak)
rCorr    .         Harm     .   (no gloves)
MR       .....                  (no boots)
Stlth    ..........             (no amulet)
HPRegen  0.08/turn              (no ring)
MPRegen  0.08/turn              (no ring)

@: mighty
A: talons 1
a: no special abilities


You were on level 2 of the Dungeon.
You were not hungry.

You visited 1 branch of the dungeon, and saw 2 of its levels.

You collected 53 gold pieces.

Inventory:

Hand Weapons
 a - a +0 long sword (weapon)
Armour
 b - a +0 scale mail (worn)
 c - a +0 shield (worn)
Jewellery
 h - an uncursed ring of protection from magic {unknown}
Scrolls
 e - a scroll of blinking {unknown}
 i - a scroll of magic mapping {unknown}
 j - a scroll of remove curse {unknown}
Potions
 g - a potion of agility {unknown}
 k - a potion of curing {unknown}
Comestibles
 f - a ration


   Skills:
 + Level 3.3 Fighting
 + Level 2.2 Long Blades
 + Level 2.9 Armour
 + Level 2.9 Shields


You had one spell level left.
You didn't know any spells.
Your spell library was empty.

Dungeon Overview and Level Annotations

Branches:
Dungeon (1/15)

Altars:

Annotations:
D:2 1 runed translucent door, Crazy Yiuf, Sigmund


Innate Abilities, Weirdness & Mutations

You have sharp toenails.


Message History

Found a stone staircase leading down.
You slash something! Something hits you but does no damage.
You miss something. You claw something.
You hear some strange, mumbled words.
A magic dart appears from out of thin air!
The magic dart hits you.
Your shield and scale mail prevent you from hitting something.
You claw something. Something hits you.
You feel very mighty all of a sudden.
You hear some strange, mumbled words.
A puff of flame appears from out of thin air!
The puff of flame hits you!
* * * LOW HITPOINT WARNING * * *
You miss something. You claw something!
You hear some strange, mumbled words.
A puff of flame appears from out of thin air!
The puff of flame hits you.
* * * LOW HITPOINT WARNING * * *
You miss something. Something hits you.
You die...

# ..## #. ...###
....#####...?. #.#
..#.....#
#.###.#....###
#............# #..#
#.{$...># #..# #.@#
#..###..#.#
#######.>.......#
..............###
########.###.## #.#
#..!
###########.#######
.#.P..#............
#.......###########


There were no monsters in sight!

Vanquished Creatures
  An ooze (D:1)
  A giant cockroach (D:1)
  2 goblins (D:1)
  2 hobgoblins (D:1)
  A ball python (D:1)
  5 bats (D:1)
  2 kobolds (D:1)
  5 rats (D:1)
19 creatures vanquished.

Notes
Turn   | Place    | Note
-------+----------+-------------------------------------------
     0 | D:1      | Peloso the Demonspawn Fighter began the quest for the Orb.
     0 | D:1      | Reached XP level 1. HP: 18/18 MP: 1/1
   276 | D:1      | Gained mutation: You have sharp toenails. [demonic
                  | ancestry]
   276 | D:1      | Reached XP level 2. HP: 24/24 MP: 2/2
   532 | D:1      | You fall into a shaft and drop 1 floor!
   532 | D:2      | Found a runed translucent door.
   532 | D:2      | Noticed Crazy Yiuf
   556 | D:2      | Noticed Sigmund
   564 | D:2      | Slain by Sigmund

Levels and vault maps discovered:
D:1:      kennysheep_arrival_seaside, layout_basic
D:2:      minmay_chambers_of_ones, layout_loops_ring, first_ration,
          hangedman_abyss_or_decor_stabs, chequers_avenue, uniq_sigmund,
          uniq_crazy_yiuf_cottage

Skill      XL: |  1 |
---------------+----+-----
Long Blades    | 2 |  2.2
Fighting       | |  3.3
Armour         | |  2.9
Shields        | |  2.9

Action                   || total
-------------------------++-------
Melee: Long sword        ||    58
       Kick              ||     7
  Use: Potion            ||     1
Armor: Scale mail        ||    40
Dodge: Dodged            ||    32
Block: Shield            ||    34
       Rpst.: Long sword ||     9
